 Dungeon Crawl Stone Soup version 0.22-a0-482-g76e0a5f51a (webtiles) character file.

14256 RKaid the Severer (level 12, -12/109 (110) HPs)
             Began as a Hill Orc Fighter on June 17, 2018.
             Was a Believer of Beogh.
             Mangled by a white ugly thing (35 damage)
             ... on level 11 of the Dungeon.
             The game lasted 00:36:17 (17410 turns).

RKaid the Severer (Hill Orc Fighter)               Turns: 17410, Time: 00:36:17

HP:   -12/109 (110) AC: 19    Str: 23    XL:     12   Next: 14%
MP:   12/12         EV: 11    Int: 16    God:    Beogh [**....]
Gold: 916           SH: 12    Dex: 10    Spells: 11/11 levels left

rFire    . . .     SeeInvis .   a - +1 war axe (venom)
rCold    . . .     Gourm    .   p - +0 shield
rNeg     . . .     Faith    .   J - +0 plate armour
rPois    .         Spirit   .   x - +1 helmet
rElec    .         Reflect  .   z - scarf {repulsion}
rCorr    .         Harm     .   B - +0 pair of gloves
MR       .....                  j - +0 pair of boots
Stlth    ..........             R - amulet "Hoelysih" {+Rage Int+4}
HPRegen  0.28/turn              S - +5 ring of evasion
MPRegen  0.13/turn              U - +3 ring of strength

@: repel missiles
A: no striking features
a: Smiting, Renounce Religion, Evoke Berserk Rage


You were on level 11 of the Dungeon.
You worshipped Beogh.
Beogh was pleased with you.
You were not hungry.

You visited 4 branches of the dungeon, and saw 16 of its levels.
You also visited: Ossuary.

You collected 916 gold pieces.

Inventory:

Hand Weapons
 a - a +1 war axe of venom (weapon)
 b - a +0 hand axe of flaming
   (You took it off an orc on level 5 of the Dungeon)
 q - a +0 halberd
   (You took it off a wight on level 9 of the Dungeon)
 L - a +0 glaive
   (You found it on level 9 of the Dungeon)
 P - a +0 trident
   (You found it on level 9 of the Dungeon)
 Z - a cursed -1 glaive
   (You took it off an orc warrior on level 11 of the Dungeon)
Missiles
 V - 8 javelins (quivered)
Armour
 j - a +0 pair of boots (worn)
   (You found it on level 1 of the Dungeon)
 p - a +0 shield (worn)
 x - a +1 helmet (worn)
   (You found it on level 4 of the Dungeon)
 z - a scarf of repulsion (worn)
   (You found it on level 4 of the Dungeon)
 B - a +0 pair of gloves (worn)
   (You found it on level 1 of the Dungeon)
 J - a +0 plate armour (worn)
   (You found it on level 9 of the Dungeon)
Jewellery
 n - an uncursed ring of flight {+Fly}
   (You found it on level 1 of the Dungeon)
 s - a +6 ring of intelligence
   (You found it on level 3 of the Lair of Beasts)
 w - an uncursed ring of see invisible {sInv}
   (You found it on level 3 of the Dungeon)
 y - an uncursed ring of magical power {MP+9}
   (You found it on level 4 of the Dungeon)
 R - the amulet "Hoelysih" (around neck) {+Rage Int+4}
   (You found it on level 10 of the Dungeon)

   [amulet of rage]

   It affects your intelligence (+4).
   It lets you go berserk.
 S - a +5 ring of evasion (left hand)
   (You found it on level 1 of the Lair of Beasts)
 U - a +3 ring of strength (right hand)
   (You found it on level 1 of the Lair of Beasts)
Wands
 g - a wand of flame (33)
   (You found it on level 4 of the Dungeon)
 D - a wand of digging (11)
   (You took it off an orc on level 11 of the Dungeon)
 N - a wand of paralysis (15)
   (You found it on level 9 of the Dungeon)
 Q - a wand of random effects (6)
   (You found it on level 8 of the Dungeon)
 X - a wand of polymorph (2)
   (You took it off Eustachio on level 6 of the Dungeon)
Scrolls
 k - 6 scrolls of fog
 l - a scroll of blinking {!r}
 m - 3 scrolls of enchant weapon
 o - 3 scrolls of remove curse
 r - 4 scrolls of enchant armour
 t - 3 scrolls of teleportation
 v - 2 scrolls of amnesia
 C - a scroll of magic mapping {!r}
 O - a scroll of fear
Potions
 c - 3 potions of curing
 d - 4 potions of might
 e - 3 potions of haste
 h - 3 potions of heal wounds
 u - a potion of invisibility
 A - 3 potions of flight
 E - 2 potions of brilliance
 F - 2 potions of cancellation
 G - a potion of lignification {!q}
 H - a potion of ambrosia
 I - 2 potions of agility
 M - a potion of magic
 T - a potion of resistance {unknown}
Comestibles
 f - 19 rations
 i - 5 chunks of flesh


   Skills:
 + Level 11.0 Fighting
 * Level 15.3 Axes
 + Level 10.0 Armour
 + Level 10.1 Shields


You had 11 spell levels left.
You didn't know any spells.
Your spell library contained the following spells:

 Spells                   Type           Power        Failure   Level  Hunger
 Mephitic Cloud           Conj/Pois/Air  #.......     100%        3    ####...
 Venom Bolt               Conj/Pois      #.........   100%        5    ######.
 Olgreb's Toxic Radiance  Pois           #.......     100%        4    #####..
 Regeneration             Chrm/Necr      #.........   100%        3    ####...
 Sting                    Conj/Pois      #...         99%         1    ##.....
 Shroud of Golubria       Chrm/Tloc      #.........   100%        2    ###....
 Infusion                 Chrm           #...         99%         1    ##.....
 Song of Slaying          Chrm           #.......     100%        2    ###....
 Spectral Weapon          Hex/Chrm       #.......     100%        3    ####...
 Poisonous Vapours        Pois/Air       #.....       100%        2    ###....


Dungeon Overview and Level Annotations

Branches:
Dungeon (11/15)            Temple (1/1) D:5            Lair (3/6) D:9
    Orc (1/2) D:9
  Swamp: Lair:2-4    Shoals: Lair:2-4     Snake: Lair:2-4    Spider: Lair:2-4

Altars:
Ashenzari
Cheibriados
Dithmenos
Elyvilon
Fedhas
Gozag
Hepliaklqana
Kikubaaqudgha
Makhleb
Nemelex Xobeh
Okawaru
Qazlal
Ru
Sif Muna
Trog
Uskayaw
Vehumet
Wu Jian
Xom
Yredelemnul
Zin
The Shining One
Beogh

Annotations:
D:11 exclusion: obsidian statue


Message History

You hit the killer bee. You burn the killer bee.
You kill the killer bee!
Beogh accepts your kill.
You closely miss the iguana. You block the iguana's attack.
You closely miss the iguana.
You are near starving!
You slash the iguana! You burn the iguana. You block the iguana's attack.
You hit the iguana but do no damage. You block the iguana's attack.
You slash the iguana! You burn the iguana.
You kill the iguana!
Beogh accepts your kill.
Your Fighting skill increases to level 11!
You eat one of the 19 rations.
That ration really hit the spot!
You start resting.
You enter the shallow water.
Moving in this stuff is going to be slow.
You see here a sky beast corpse.
t - 3 scrolls of teleportation (gained 1)
There is a stone staircase leading down here.
A centaur comes into view.
The centaur shouts!
The centaur wields a shortbow.
The centaur shoots an arrow.
You block the arrow.
You see here an arrow.
You start waiting.
The centaur is too close now for your liking.
The centaur shoots an arrow.
You block the arrow.
The centaur shoots an arrow.
You block the arrow.
You see here an arrow.
The centaur unwields an uncursed shortbow.
You block the centaur's attack.
You slash the centaur! You burn the centaur.
The centaur hits you but does no damage.
You slash the centaur! You burn the centaur. You block the centaur's attack.
You hit the centaur but do no damage.
Your plate armour prevents you from hitting the centaur.
You block the centaur's attack. The centaur completely misses you.
You hit the centaur but do no damage. You slash the centaur!
You burn the centaur.
You kill the centaur!
Beogh accepts your kill.
No target in view!
No target in view!
No target in view!
Things that are here:
an uncursed shortbow; 22 arrows; a centaur corpse You butcher the centaur corpse.
i - 5 chunks of flesh
Things that are here:
an uncursed shortbow; 22 arrows
Things that are here:
an uncursed shortbow; 22 arrows You now have 903 gold pieces (gained 12).
You now have 916 gold pieces (gained 13).
f - 19 rations (gained 1)
A white ugly thing comes into view.
The white ugly thing gurgles horribly!
You hit the white ugly thing but do no damage.
The white ugly thing barely misses you.
You hit the white ugly thing but do no damage.
The white ugly thing claws you. The white ugly thing freezes you!!
You completely miss the white ugly thing.
You slash the white ugly thing! You burn the white ugly thing.
You block the white ugly thing's attack.
Your +0 hand axe of flaming stops flaming.
Your +1 war axe of venom begins to drip with poison!
a - a +1 war axe of venom (weapon)
The white ugly thing closely misses you.
You closely miss the white ugly thing. You barely miss the white ugly thing.
You block the white ugly thing's attack.
You closely miss the white ugly thing.
You block the white ugly thing's attack.
You closely miss the white ugly thing.
The white ugly thing claws you but does no damage.
Your plate armour prevents you from hitting the white ugly thing.
You slice the white ugly thing!! The white ugly thing barely misses you.
Your shield and plate armour prevent you from hitting the white ugly thing.
The white ugly thing claws you! The white ugly thing freezes you!!
You closely miss the white ugly thing.
The white ugly thing claws you but does no damage.
You hit the white ugly thing.
The white ugly thing is poisoned.
The white ugly thing claws you but does no damage.
The white ugly thing claws you but does no damage.
The white ugly thing looks more healthy.
You block the white ugly thing's attack.
You see here an arrow.
There is a stone staircase leading down here.
There is a stone staircase leading up, spattered with blood here.
The white ugly thing claws you but does no damage.
You hit the white ugly thing. You slice the white ugly thing!!
The white ugly thing claws you. The white ugly thing freezes you!!
* * * LOW HITPOINT WARNING * * *
The white ugly thing closely misses you.
The white ugly thing closely misses you.
The white ugly thing claws you.
* * * LOW HITPOINT WARNING * * *
The white ugly thing freezes you!!
You die...

###................##
##..(.(#............#
###(.(.#####.........##
####..(.### ##.##.....#
##......## ####
#..####### ##......##
##..####.# #.......#
#......#.## ........#
##.........# .......##
#.....@....# .......#
##....u....>## ......##
#.........##.###
.....##
##.......<.##.#.###
.....#
#.........###.(...##
....## #.........#
##(....# #####
##........## #......##
#........## ##.).....#
###.....##
#........####


You could see a white ugly thing.

Vanquished Creatures
  A hydra (Lair:2)
  A centaur warrior (D:10)
  The ghost of tamionv the Basher, a journeyman GrFi of Okawaru (D:11)
  A black mamba (Lair:3)
  3 spiny frogs
  A komodo dragon (Lair:1)
  A troll (D:9)
  The ghost of hcgyg4s the Insei, an amateur MfTm of Ru (D:5)
  A hippogriff (Lair:2)
  A wraith (D:11)
  Eustachio (D:6)
  14 yaks
  2 basilisks
  A hungry ghost (D:11)
  2 water moccasins (Lair:1)
  A black bear (Lair:2)
  6 porcupines
  A swamp drake (D:8)
  4 orc warriors
  An eye of draining (D:11)
  4 ice beasts
  2 sky beasts
  2 necrophages
  3 ogres
  2 phantoms
  6 wolves (Lair:1)
  8 centaurs
  6 crocodiles
  6 bullfrogs
  A gnoll sergeant (D:6)
  An elf zombie (Ossuary)
  2 scorpions
  32 killer bees
  4 wights (D:9)
  3 howler monkeys
  3 crimson imps
  2 jellies
  A human zombie (Ossuary)
  A bullfrog skeleton (D:10)
  An orc priest (D:9)
  12 orc wizards
  A gnoll shaman (D:5)
  A centaur skeleton (D:5)
  Terence (D:2)
  2 iguanas
  6 worker ants
  2 hound zombies (Ossuary)
  4 mummies (Ossuary)
  Robin (D:2)
  A worker ant zombie (D:6)
  8 adders
  7 gnolls
  A shadow imp (D:3)
  An ooze (D:2)
  A worm zombie (D:7)
  5 adder zombies
  4 worms
  2 dart slugs
  3 leopard geckos
  19 orcs
  A ball python (D:2)
  7 bats
  2 giant cockroaches
  3 gnoll zombies (Ossuary)
  11 goblins
  14 hobgoblins
  5 jackals
  5 quokkas
  4 frilled lizards
  A jackal zombie (Ossuary)
  7 kobolds
  2 leopard gecko skeletons
  An orc zombie (Ossuary)
  11 rats
291 creatures vanquished.

Vanquished Creatures (others)
  A queen bee (D:9)
  A hippogriff (D:9)
  2 orc warriors (D:9)
  2 scorpions (D:9)
  5 killer bees (D:9)
  A quasit (D:9)
  An orc priest (D:9)
  2 adders (D:9)
  4 orcs (D:9)
  5 fungi (Lair:2)
  A plant (Lair:3)
25 creatures vanquished.

Grand Total: 316 creatures vanquished

Notes
Turn   | Place    | Note
-------+----------+-------------------------------------------
     0 | D:1      | RKaid the Hill Orc Fighter began the quest for the Orb.
     0 | D:1      | Reached XP level 1. HP: 19/19 MP: 1/1
   147 | D:1      | Reached skill level 3 in Axes
   148 | D:1      | Reached XP level 2. HP: 22/27 MP: 2/2
   677 | D:2      | Reached XP level 3. HP: 33/33 MP: 3/3
   691 | D:2      | Noticed Terence
   708 | D:2      | Reached skill level 4 in Fighting
   726 | D:2      | Killed Terence
   726 | D:2      | Reached skill level 4 in Axes
   726 | D:2      | Reached XP level 4. HP: 25/40 MP: 4/4
  1185 | D:2      | Reached skill level 4 in Shields
  1317 | D:2      | Noticed Robin
  1319 | D:2      | Reached XP level 5. HP: 47/47 MP: 5/5
  1320 | D:2      | Reached skill level 4 in Armour
  1330 | D:2      | Killed Robin
  1638 | D:3      | Found a faded altar of an unknown god.
  1669 | D:3      | Reached skill level 5 in Axes
  1998 | D:3      | Found an iron altar of Okawaru.
  2234 | D:3      | Found a radiant altar of Vehumet.
  2350 | D:4      | Noticed an ogre
  2483 | D:4      | Noticed an ogre
  2516 | D:4      | Reached XP level 6. HP: 50/53 MP: 6/6
  2891 | D:4      | Reached skill level 5 in Fighting
  3092 | D:4      | Found a white marble altar of Elyvilon.
  3092 | D:4      | Found a sparkling altar of Nemelex Xobeh.
  3156 | D:4      | Found a glowing silver altar of Zin.
  3258 | D:4      | Reached skill level 6 in Axes
  3672 | D:5      | Entered Level 5 of the Dungeon
  3862 | D:5      | Found a shimmering altar of Xom.
  3865 | D:5      | Noticed hcgyg4s's ghost (amateur MfTm)
  3879 | D:5      | Killed hcgyg4s's ghost
  3879 | D:5      | Reached skill level 7 in Axes
  3879 | D:5      | Reached skill level 5 in Armour
  3879 | D:5      | Reached skill level 5 in Shields
  3879 | D:5      | Reached XP level 7. HP: 36/61 MP: 7/7
  4192 | D:5      | Reached XP level 8. HP: 59/70 MP: 8/8
  4286 | D:5      | Reached skill level 6 in Fighting
  4351 | D:5      | Found a staircase to the Ecumenical Temple.
  4548 | D:5      | Reached skill level 8 in Axes
  5100 | Temple   | Entered the Ecumenical Temple
  5531 | D:6      | Reached skill level 6 in Shields
  5744 | D:6      | Reached skill level 9 in Axes
  5744 | D:6      | Reached skill level 6 in Armour
  5866 | D:6      | Noticed Eustachio
  6016 | D:6      | Killed Eustachio
  6016 | D:6      | Reached skill level 7 in Fighting
  6016 | D:6      | Reached XP level 9. HP: 79/79 MP: 9/9
  6307 | D:6      | Found a shadowy altar of Dithmenos.
  6448 | D:7      | Found an ancient bone altar of Kikubaaqudgha.
  6530 | D:7      | Found a sand-covered staircase.
  6536 | D:7      | Reached skill level 10 in Axes
  6544 | Ossuary  | Entered an ossuary
  6981 | D:7      | HP: 19/79 [killer bee (5)]
  6983 | D:7      | HP: 7/79 [killer bee (4)]
  6988 | D:7      | HP: 8/79 [poisoned by a killer bee]
  7329 | D:7      | Found an ornate altar of the Wu Jian Council.
  7913 | D:8      | Reached skill level 7 in Armour
  7913 | D:8      | Reached skill level 7 in Shields
  8578 | D:8      | Reached skill level 11 in Axes
  8661 | D:8      | Noticed Psyche
  8663 | D:8      | Noticed Psyche
  8663 | D:8      | Psyche changed into Psyche the swamp drake
  8674 | D:8      | Killed Psyche the swamp drake
  8674 | D:8      | Reached skill level 8 in Fighting
  8757 | D:8      | Noticed a two-headed ogre
  9297 | D:8      | Found a glowing golden altar of the Shining One.
  9426 | D:8      | Reached XP level 10. HP: 80/87 MP: 10/10
  9786 | D:8      | HP: 22/88 [poisoned by a killer bee]
  9791 | D:8      | HP: 19/88 [poisoned by a killer bee]
  9797 | D:8      | HP: 18/88 [poisoned by a killer bee]
  9803 | D:8      | HP: 17/88 [poisoned by a killer bee]
  9811 | D:8      | HP: 17/88 [poisoned by a killer bee]
 10251 | D:8      | HP: 22/89 [poisoned by a killer bee]
 10256 | D:8      | HP: 21/89 [poisoned by a killer bee]
 10261 | D:8      | HP: 20/89 [poisoned by a killer bee]
 10268 | D:8      | HP: 19/89 [poisoned by a killer bee]
 10276 | D:8      | HP: 19/89 [poisoned by a killer bee]
 10776 | D:9      | Found a staircase to the Orcish Mines.
 10782 | D:9      | Found a roughly hewn altar of Beogh.
 10783 | D:9      | Became a worshipper of Beogh the Brigand
 10787 | D:9      | Paralysed by an orc priest for 4 turns
 10900 | D:9      | HP: 20/89 [killer bee (6)]
 10905 | D:9      | HP: 18/89 [poisoned by a killer bee]
 10910 | D:9      | HP: 17/89 [poisoned by a killer bee]
 10917 | D:9      | HP: 17/89 [poisoned by a killer bee]
 10925 | D:9      | HP: 17/89 [poisoned by a killer bee]
 11449 | D:9      | Reached skill level 12 in Axes
 11634 | D:9      | Found a staircase to the Lair.
 11686 | D:9      | Reached skill level 8 in Shields
 11776 | D:9      | Reached skill level 8 in Armour
 12113 | D:9      | Found a hide-covered altar of Uskayaw.
 12333 | D:10     | Entered Level 10 of the Dungeon
 12363 | D:10     | Got a glittering ruby amulet
 12384 | D:10     | Reached skill level 9 in Fighting
 12385 | D:10     | Identified the amulet "Hoelysih" {+Rage Int+4} (You found it on level 10 of the Dungeon)
 12606 | D:10     | Noticed a centaur warrior
 12634 | D:10     | Killed a centaur warrior
 12828 | D:11     | Noticed tamionv's ghost (journeyman GrFi)
 12849 | D:11     | Reached * piety under Beogh
 12886 | D:11     | Killed tamionv's ghost
 12886 | D:11     | Reached skill level 13 in Axes
 13026 | Orc:1    | Entered Level 1 of the Orcish Mines
 13052 | D:9      | Reached XP level 11. HP: 78/96 MP: 11/11
 13147 | Lair:1   | Entered Level 1 of the Lair of Beasts
 13376 | Lair:1   | Reached skill level 9 in Shields
 13703 | Lair:1   | Reached skill level 9 in Armour
 13924 | Lair:1   | Found a sparkling altar of Nemelex Xobeh.
 13937 | Lair:1   | Reached skill level 10 in Fighting
 14629 | Lair:2   | Reached skill level 14 in Axes
 15009 | Lair:2   | Reached ** piety under Beogh
 15680 | Lair:3   | Noticed a six-headed hydra
 15696 | Lair:2   | Killed a one-headed hydra
 15921 | Lair:3   | Noticed a death yak
 16230 | D:11     | Reached skill level 15 in Axes
 16230 | D:11     | Reached XP level 12. HP: 90/107 MP: 12/12
 16462 | D:11     | Reached skill level 10 in Shields
 16587 | D:11     | Reached skill level 10 in Armour
 17040 | D:11     | Got a shimmering golden ring
 17043 | D:11     | Identified the ring of Miracles {Dex+3 Stlth+} (You took it off an orc on level 11 of the Dungeon)
 17203 | D:11     | Reached skill level 11 in Fighting
 17406 | D:11     | HP: 23/109 [white ugly thing (27)]
 17410 | D:11     | Mangled by a white ugly thing

Vault maps used:
D:1:      onia_arrival_mini_maze, minmay_misc_feat_ornament
D:2:      uniq_robin, uniq_terence
D:3:      overflow_temple_1_default, marbit_many_paths,
          chequers_ecumenical_altar_island, first_ration, st_stairs_4,
          minmay_misc_feat_rows
D:4:      nemelex_xobeh_ov_fountains_minmay, zin_treasury, nrook_mini_backslash,
          elyvilon_altar_5
D:5:      nicolae_overflow_crystal_walls, minmay_temple_entry_from_below_a
D:6:      grunt_dithmenos_shadows, kennysheep_small_circle, uniq_eustachio
D:7:      nicolae_overflow_hidden_temple, kiku_gazebo_garden_becter,
          enter_ossuary_3
D:8:      lemuel_doored_altar, uniq_psyche
D:9:      eat_drink_and_be_merry_uskayaw, lair_entry_dummy,
          minmay_orc_entry_temple_small, david_nohive_1
D:11:     minmay_separated_statues
Temple:   minmay_temple_forest_path
Lair:1:   lemuel_centaur_altar
Lair:2:   grunt_megastairs_4
Lair:3:   minmay_shoals_entry_centaurs
Orc:1:    serial_shops, nicolae_shop_crystal, shop
Ossuary:  ossuary_minmay_tomb_2a

Skill      XL: |  1  2  3  4  5  6  7  8  9 10 11 12 |
---------------+-------------------------------------+-----
Axes           | 3 4 5 7 9 11 13 15 | 15.3
Fighting       | 4 5 7 8 9 10 11 | 11.0
Shields        | 4 5 6 7 8 9 10 | 10.1
Armour         | 4 5 6 7 8 9 10 | 10.0

Action                   |  1- 3 |  4- 6 |  7- 9 | 10-12 || total
-------------------------+-------+-------+-------+-------++-------
Melee: War axe           |    67 |   186 |   390 |   584 ||  1227
       Unarmed           |       |       |     9 |       ||     9
       Hand axe          |       |       |       |    68 ||    68
       Trident           |       |       |       |    35 ||    35
Throw: Javelin           |       |     8 |       |     7 ||    15
Invok: Convert to Beogh  |       |       |       |     1 ||     1
Evoke: Wand              |       |     7 |     9 |     8 ||    24
  Use: Scroll            |       |    10 |    10 |    10 ||    30
       Potion            |       |       |     2 |     1 ||     3
  Eat: Chunk             |       |     9 |     8 |     7 ||    24
       Ration            |       |       |     3 |     6 ||     9
Armor: Scale mail        |    31 |       |       |       ||    31
       Chain mail        |       |   113 |   279 |    72 ||   464
       Skin              |       |       |     1 |       ||     1
       Plate armour      |       |       |       |   263 ||   263
Dodge: Dodged            |    10 |    45 |   115 |   204 ||   374
       Deflected         |       |       |     4 |    15 ||    19
Block: Shield            |    36 |    92 |   237 |   454 ||   819

Table legend:
 A = Spawn XP
 B = Non-spawn XP
 C = Spawn XP percentage of total XP
 D = Spawn monster count
 E = Non-spawn monster count
 F = Spawn count percentage of total count
 G = Total turns spent on level
                    A         B        C        D         E        F      G
               +---------+---------+-------+---------+---------+-------+---------
         Total |       0 |   20367 |   0.0 |       0 |     291 |   0.0 | 17410
               +---------+---------+-------+---------+---------+-------+---------
           D:1 |       0 |      21 |   0.0 |       0 |      15 |   0.0 |   653
           D:2 |       0 |     185 |   0.0 |       0 |      44 |   0.0 |   934
           D:3 |       0 |      51 |   0.0 |       0 |      15 |   0.0 |  1033
           D:4 |       0 |     310 |   0.0 |       0 |       7 |   0.0 |  1067
           D:5 |       0 |     888 |   0.0 |       0 |      22 |   0.0 |  1037
           D:6 |       0 |    1226 |   0.0 |       0 |      24 |   0.0 |  1320
           D:7 |       0 |     799 |   0.0 |       0 |      17 |   0.0 |  1557
           D:8 |       0 |    1509 |   0.0 |       0 |      24 |   0.0 |  2543
           D:9 |       0 |    1651 |   0.0 |       0 |      24 |   0.0 |  1863
          D:10 |       0 |    1378 |   0.0 |       0 |       9 |   0.0 |   474
          D:11 |       0 |    3203 |   0.0 |       0 |      27 |   0.0 |  1476
        Lair:1 |       0 |    3278 |   0.0 |       0 |      23 |   0.0 |  1240
        Lair:2 |       0 |    3803 |   0.0 |       0 |      16 |   0.0 |  1138
        Lair:3 |       0 |    1795 |   0.0 |       0 |       6 |   0.0 |   352
         Orc:1 |       0 |       6 |   0.0 |       0 |       2 |   0.0 |    17
       Ossuary |       0 |     264 |   0.0 |       0 |      16 |   0.0 |   304
               +---------+---------+-------+---------+---------+-------+---------

Table legend:
 A = Turns spent in this place as a percentage of turns spent in the entire game.
 B = Non-inter-level travel turns spent in this place as a percentage of non-inter-level travel turns spent in the entire game.
 C = Inter-level travel turns spent in this place as a percentage of turns spent in this place.
 D = Turns resting spent in this place as a percentage of non-inter-level travel turns spent in this place.
 E = Turns spent auto-exploring this place as a percentage of non-inter-level travel turns spent in this place.
 F = Non-inter-level travel turns spent in this place divided by the number of levels of this place that you've seen.
                   A       B       C       D       E      F
               +-------+-------+-------+-------+-------+----------------------
         Total | 100.0 | 100.0 |   5.6 |  33.2 |  45.9 | 966.4
       Dungeon |  80.2 |  80.1 |   5.8 |  35.0 |  44.1 | 1195.6
        Temple |   2.3 |   2.2 |   9.0 |   0.0 |  98.9 | 366.0
          Lair |  15.7 |  15.8 |   5.1 |  28.6 |  50.2 | 863.3
  Orcish Mines |   0.1 |   0.1 |   0.0 |   0.0 |   0.0 |  17.0
       Ossuary |   1.7 |   1.9 |   0.0 |  37.8 |  28.9 | 304.0
               +-------+-------+-------+-------+-------+----------------------

Table legend:
 A = Kills in this place as a percentage of kills in entire the game.
 B = Kills by you in this place as a percentage of kills by you in the entire game.
 C = Kills by friends in this place as a percentage of kills by friends in the entire game.
 D = Other kills in this place as a percentage of other kills in the entire game.
 E = Experience gained in this place as a percentage of experience gained in the entire game.
 F = Experience gained in this place divided by the number of levels of this place that you have seen.
                   A       B       C       D       E      F
               +-------+-------+-------+-------+-------+----------------------
         Total | 100.0 | 100.0 |   N/A |   N/A | 100.0 | 1198.1
       Dungeon |  78.4 |  78.4 |   N/A |   N/A |  55.1 | 1020.1
          Lair |  15.5 |  15.5 |   N/A |   N/A |  43.6 | 2958.7
  Orcish Mines |   0.7 |   0.7 |   N/A |   N/A |   0.0 |   6.0
       Ossuary |   5.5 |   5.5 |   N/A |   N/A |   1.3 | 264.0
               +-------+-------+-------+-------+-------+----------------------
